[Event "42nd Olympiad Baku 2016 Open"]
[Site "Baku"]
[Date "2016.09.05"]
[Round "4.29"]
[White "Mannhart, Marcel"]
[Black "Nadir, Samir"]
[Result "1/2-1/2"]
[ECO "A00"]
[WhiteElo "2128"]
[BlackElo "2199"]
[Annotator ""]
[PlyCount "98"]
[EventDate "2016.??.??"]
[EventCountry "AZE"]
[SourceTitle "playchess.com"]
[Source "ChessBase"]
[WhiteTeam "Liechtenstein"]
[BlackTeam "Sudan"]
[WhiteTeamCountry "LIE"]
[BlackTeamCountry "SUD"]
[TimeControl "40/5400+30:1800+30"]

1. Nc3 {(00:00)} c6 {(00:00)} 2. e4 {(00:00)} d5 {(
00:00)} 3. f4 {(00:04)} dxe4 {(05:20)} 4. Nxe4 {(00:13)}
Nf6 {(01:19)} 5. Nf2 {(00:25)} e6 {(01:28)} 6. Nf3 {
(00:50)} Bd6 {(03:01)} 7. Nd3 {(03:55)} O-O {(09:
26)} 8. b3 {(04:18)} Nbd7 {(08:39)} 9. Bb2 {(07:04)} Nd5 {
(05:49)} 10. g3 {(03:57)} f6 {(10:47)} 11. Qe2 {(
17:37)} e5 {(06:06)} 12. O-O-O {(04:09)} e4 {(18:43)} 13.
c4 {(06:29)} Nc5 {(09:02)} 14. Nxc5 {(03:01)} exf3 {
(01:41)} 15. Qxf3 {(01:44)} Bxc5 {(04:54)} 16. cxd5 {
(00:24)} cxd5 {(01:00)} 17. Bg2 {(01:34)} Be6 {(01:
12)} 18. f5 {(03:19)} Bf7 {(00:17)} 19. d4 {(00:20)} Bb4 {
(01:20)} 20. Kb1 {(01:29)} Qa5 21. Rc1 Rfe8 {(05:09)} 22.
Rc2 {(02:30)} h6 {(01:43)} 23. Rhc1 {(03:09)} Bd6 {
(00:53)} 24. Qd3 {(05:41)} Re7 {(00:33)} 25. Bc3 {(
05:20)} Qb6 {(00:32)} 26. Re2 {(01:03)} Rxe2 {(00:20)} 27.
Qxe2 {(00:06)} Ba3 {(00:54)} 28. Bb2 {(01:25)} Re8 {
(00:46)} 29. Qd2 {(01:06)} Bb4 {(01:12)} 30. Qd3 {(
03:08)} a6 {(01:08)} 31. Bf3 Qd8 32. Bc3 {(08:38)} Bd6 {(
00:52)} 33. Rc2 {(00:21)} Qd7 {(00:27)} 34. Re2 {(00:44)}
Rc8 {(00:17)} 35. Bb2 {(00:21)} b5 {(00:28)} 36. Rc2 {
(00:22)} Re8 {(00:29)} 37. Re2 {(00:06)} Rxe2 {(01:
19)} 38. Bxe2 {(00:11)} Qe7 {(00:25)} 39. Bc1 {(05:48)}
Qe8 {(00:56)} 40. Bd2 {(00:00)} Bh5 {(00:00)} 41. g4 {
(02:59)} Bf7 {(04:24)} 42. h3 {(00:15)} g5 {(06:55]
} 43. Qe3 {(00:57)} Qe4+ {(02:19)} 44. Qxe4 {(05:33)} dxe4
{(00:07)} 45. Kc2 {(00:37)} Bd5 {(02:22)} 46. a4 {(
01:02)} Bc6 {(03:19)} 47. axb5 {(03:41)} axb5 {(00:06)}
48. Ba5 {(00:29)} Kg7 {(02:59)} 49. Kd2 {(15:40)} Bf4+ {
(04:37)} 1/2-1/2

[Event "42nd Olympiad Baku 2016 Open"]
[Site "Baku"]
[Date "2016.09.05"]
[Round "4.8"]
[White "Mapini, Otsile"]
[Black "Mwaisumbe, Emmanuel"]
[Result "1-0"]
[ECO "B95"]
[WhiteElo "1972"]
[BlackElo "1662"]
[Annotator ""]
[PlyCount "83"]
[EventDate "2016.??.??"]
[EventCountry "AZE"]
[SourceTitle "playchess.com"]
[Source "ChessBase"]
[WhiteTeam "Botswana"]
[BlackTeam "Tanzania"]
[WhiteTeamCountry "BOT"]
[BlackTeamCountry "TAN"]
[TimeControl "40/5400+30:1800+30"]

1. e4 {(00:00)} c5 {(02:16)} 2. Nf3 {(00:00)} d6 {(
00:12)} 3. d4 {(00:00)} cxd4 {(00:03)} 4. Nxd4 {(00:00)}
Nf6 {(00:15)} 5. Nc3 {(00:06)} a6 {(00:01)} 6. Bg5 {
(00:45)} e6 {(00:02)} 7. Bc4 {(00:30)} Be7 {(08:22]
} 8. f4 {(01:53)} Nc6 {(11:57)} 9. Nxc6 {(04:28)} bxc6 {
(00:02)} 10. e5 {(00:31)} Nd5 {(04:28)} 11. Bxe7 {(
00:56)} Qxe7 {(01:08)} 12. Qg4 {(02:18)} O-O {(05:41)} 13.
Qg3 {(09:29)} dxe5 {(07:20)} 14. fxe5 {(00:47)} Qc5 {
(03:25)} 15. Bxd5 {(00:24)} cxd5 {(00:57)} 16. O-O-O {
(00:30)} Rb8 {(06:17)} 17. Rd2 {(01:43)} Bd7 {(07:
49)} 18. h4 {(04:20)} Qb4 {(00:21)} 19. Nd1 {(00:55)} Qc4
{(09:31)} 20. Kb1 {(07:26)} Rfc8 {(04:29)} 21. h5 {
(01:33)} h6 {(07:50)} 22. Rh4 {(01:51)} Qc5 {(03:
04)} 23. Qf4 {(01:47)} Qe7 {(05:35)} 24. Rg4 {(10:54)} Kh7
{(01:01)} 25. Qg3 {(00:20)} Rg8 {(02:23)} 26. Qd3+ {
(00:17)} Kh8 {(00:25)} 27. Rf2 {(01:32)} Bb5 {(01:
02)} 28. Qe3 {(00:36)} Bc4 {(01:20)} 29. a3 {(02:35)} Qb7
{(01:46)} 30. Rgf4 {(08:55)} Rgf8 {(02:04)} 31. g4 {
(00:25)} Rbd8 {(01:42)} 32. Rd4 {(01:17)} Rb8 {(00:
35)} 33. g5 {(00:12)} hxg5 {(00:47)} 34. Qxg5 {(00:11)}
Qa7 {(01:14)} 35. Rg4 {(00:36)} Rg8 {(00:28)} 36. Rf6 {
(00:18)} Kh7 {(01:04)} 37. Rf2 {(01:19)} Qb7 {(00:
50)} 38. Qg6+ {(00:29)} Kh8 {(00:36)} 39. Rxf7 {(00:11)}
Qc6 {(00:25)} 40. h6 {(00:00)} Bd3 {(00:00)} 41. hxg7+ {
(00:16)} Rxg7 42. Qxg7# 1-0

[Event "42nd Olympiad Baku 2016 Open"]
[Site "Baku"]
[Date "2016.09.05"]
[Round "4.6"]
[White "Mareco, Sandro"]
[Black "Filippov, Anton"]
[Result "1-0"]
[ECO "D30"]
[WhiteElo "2606"]
[BlackElo "2582"]
[Annotator ""]
[PlyCount "92"]
[EventDate "2016.??.??"]
[EventCountry "AZE"]
[SourceTitle "playchess.com"]
[Source "ChessBase"]
[WhiteTeam "Argentina"]
[BlackTeam "Uzbekistan"]
[WhiteTeamCountry "ARG"]
[BlackTeamCountry "UZB"]
[TimeControl "40/5400+30:1800+30"]

1. d4 {(00:00)} d5 {(00:00)} 2. c4 {(00:00)} e6 {(
00:00)} 3. Nf3 {(00:00)} c6 {(01:07)} 4. Nbd2 {(00:00)}
Nf6 {(01:43)} 5. g3 {(00:02)} Nbd7 {(02:02)} 6. Bg2 {
(00:08)} Be7 {(00:27)} 7. O-O {(00:10)} b6 {(06:01]
} 8. Qc2 {(19:00)} Bb7 {(00:43)} 9. e4 {(01:11)} dxe4 {
(07:13)} 10. Nxe4 {(00:56)} c5 {(02:25)} 11. Nxf6+ {
(05:15)} Nxf6 {(10:57)} 12. Rd1 {(00:23)} Qc8 {(08:
11)} 13. d5 {(16:19)} exd5 {(19:03)} 14. cxd5 {(00:06)}
Bxd5 {(07:05)} 15. Bg5 {(01:39)} Be6 {(03:58)} 16. Ne5 {
(01:34)} O-O {(00:15)} 17. Nc6 {(02:46)} Qe8 {(00:
59)} 18. Nxe7+ {(04:27)} Qxe7 {(00:06)} 19. Bxa8 {(00:13)}
Rxa8 {(00:04)} 20. Qc3 {(01:25)} Re8 {(18:02)} 21. Rd3 {
(11:50)} c4 {(00:34)} 22. Bxf6 {(04:14)} Qxf6 {(00:
09)} 23. Qxf6 {(00:12)} gxf6 {(00:04)} 24. Rd4 {(00:21)}
Rc8 {(00:31)} 25. Rc1 {(01:14)} Rc5 {(00:20)} 26. f3 {
(00:49)} Ra5 {(02:23)} 27. a3 {(02:04)} Rb5 {(00:
06)} 28. Rd2 {(00:06)} Kg7 {(00:09)} 29. Kf2 {(03:03)} Kg6
{(00:06)} 30. Rc3 {(01:37)} Kg5 {(01:23)} 31. h3 {(
07:42)} f5 {(01:12)} 32. f4+ {(02:23)} Kf6 {(00:09)} 33.
g4 {(00:32)} Kg6 {(06:26)} 34. Kg3 {(01:11)} Kf6 {(
01:34)} 35. Re3 {(02:22)} Rc5 {(01:31)} 36. Kh4 {(03:01)}
Rb5 {(00:02)} 37. Kg3 {(03:00)} Kg6 {(00:04)} 38. Rf3 {
(03:18)} Kf6 {(00:22)} 39. Kh4 {(00:10)} Rc5 {(00:
36)} 40. Rc3 {(00:00)} a5 {(00:00)} 41. Kg3 {(05:31)} Kg6
{(22:19)} 42. Rd6 {(12:27)} Rb5 {(01:48)} 43. Rd2 {
(01:24)} Rc5 {(00:27)} 44. Re3 {(00:20)} b5 {(00:
26)} 45. gxf5+ {(05:16)} Rxf5 {(06:20)} 46. Rde2 {(08:14)}
b4 1-0

[Event "42nd Olympiad Baku 2016 Open"]
[Site "Baku"]
[Date "2016.09.05"]
[Round "4.15"]
[White "Marin, Mihail"]
[Black "Mamedov, Rauf"]
[Result "1/2-1/2"]
[ECO "A05"]
[WhiteElo "2572"]
[BlackElo "2666"]
[Annotator ""]
[PlyCount "113"]
[EventDate "2016.??.??"]
[EventCountry "AZE"]
[SourceTitle "playchess.com"]
[Source "ChessBase"]
[WhiteTeam "Romania"]
[BlackTeam "Azerbaijan"]
[WhiteTeamCountry "ROU"]
[BlackTeamCountry "AZE"]
[TimeControl "40/5400+30:1800+30"]

1. Nf3 {(00:00)} Nf6 {(00:00)} 2. c4 {(00:00)} g6 {
(00:00)} 3. g3 {(00:00)} Bg7 {(00:00)} 4. Bg2 {(00:
01)} O-O {(00:28)} 5. O-O {(00:06)} c6 {(00:02)} 6. b3 {
(00:21)} d6 {(00:24)} 7. Bb2 {(00:26)} e5 {(00:04)}
8. d3 {(01:21)} c5 {(09:43)} 9. Nc3 {(00:19)} Nc6 {
(00:09)} 10. e3 {(01:49)} Bf5 {(06:57)} 11. Ng5 {(
03:46)} Ne8 {(09:37)} 12. Nge4 {(01:26)} Be6 {(01:02)} 13.
Nd5 {(01:10)} Ne7 {(15:17)} 14. Nec3 {(17:04)} Nxd5 {
(00:45)} 15. cxd5 {(04:00)} Bd7 {(03:49)} 16. a4 {(
00:42)} f5 17. f4 {(03:05)} Nf6 {(15:59)} 18. Qd2 Qe7 {(
08:48)} 19. Rae1 {(01:09)} e4 {(01:25)} 20. dxe4 {(00:58)}
fxe4 {(00:44)} 21. Nd1 {(03:58)} b5 {(07:41)} 22. Nf2 {
(02:49)} bxa4 {(00:04)} 23. bxa4 {(00:10)} Bxa4 {(
00:34)} 24. Bxf6 {(00:47)} Bxf6 {(00:06)} 25. Nxe4 {(00:
11)} Rab8 {(00:48)} 26. Rb1 {(05:20)} Bb5 {(06:13)} 27.
Rfc1 {(03:09)} a6 {(00:36)} 28. Nxf6+ {(00:51)} Qxf6 {
(00:03)} 29. Qc3 {(00:45)} Qxc3 {(06:59)} 30. Rxc3 {
(00:05)} g5 {(00:50)} 31. Rcb3 {(13:11)} gxf4 {(00:
06)} 32. gxf4 {(00:07)} Rb7 {(02:15)} 33. Bf1 {(10:48)} c4
{(00:57)} 34. Rc3 {(00:25)} Rf5 {(01:23)} 35. Kf2 Rc7 {
(01:36)} 36. Bh3 {(05:11)} Rh5 {(00:02)} 37. Be6+ {
(00:10)} Kf8 {(00:02)} 38. h3 {(00:24)} Rg7 {(02:
30)} 39. Kf3 {(08:32)} Rh6 {(00:10)} 40. Bg4 {(00:00)}
Rhg6 {(00:00)} 41. Ke4 {(09:57)} Re7+ {(05:26)} 42. Kd4 {
(07:17)} h5 {(00:38)} 43. Bxh5 {(09:53)} Rg2 {(00:
04)} 44. e4 {(00:10)} Rd2+ {(00:37)} 45. Ke3 {(00:04)}
Rxd5 {(00:06)} 46. Be2 {(00:10)} Rc5 {(09:20)} 47. Rbc1 {
(01:49)} Bc6 {(07:04)} 48. Bf3 {(04:06)} Bb5 {(03:
37)} 49. Be2 {(01:58)} Bc6 {(00:03)} 50. Rxc4 {(03:54)}
Rxe4+ {(01:07)} 51. Rxe4 {(00:05)} Rxc1 {(00:02)} 52. Re6
{(01:45)} Rh1 {(04:46)} 53. Bxa6 {(03:14)} Rxh3+ {(
00:03)} 54. Kd4 {(00:37)} Ra3 {(00:33)} 55. Bd3 {(01:02)}
Ra4+ {(00:08)} 56. Ke3 {(00:07)} Ra3 {(00:01)} 57. Rxd6 {
(00:38)} 1/2-1/2

[Event "42nd Olympiad Baku 2016 Open"]
[Site "Baku"]
[Date "2016.09.05"]
[Round "4.10"]
[White "Marko, Helmut"]
[Black "Kulpruethanon, Thanadon"]
[Result "0-1"]
[ECO "A06"]
[WhiteElo "1939"]
[BlackElo "2235"]
[Annotator ""]
[PlyCount "90"]
[EventDate "2016.??.??"]
[EventCountry "AZE"]
[SourceTitle "playchess.com"]
[Source "ChessBase"]
[WhiteTeam "Papua New Guinea"]
[BlackTeam "Thailand"]
[WhiteTeamCountry "PNG"]
[BlackTeamCountry "THA"]
[TimeControl "40/5400+30:1800+30"]

1. Nf3 {(00:00)} d5 {(00:00)} 2. g3 {(00:00)} c6 {(
00:14)} 3. Bg2 {(00:03)} Bf5 {(00:12)} 4. O-O {(03:05)} h6
{(00:10)} 5. d3 {(01:01)} e6 {(00:39)} 6. Nbd2 {(
02:02)} Nf6 {(00:20)} 7. b3 {(06:33)} Be7 {(00:37)} 8. Bb2
{(00:40)} O-O {(00:17)} 9. Rc1 {(04:37)} Nbd7 {(01:
25)} 10. Re1 {(09:13)} Bh7 {(01:01)} 11. d4 {(03:24)} a5 {
(02:30)} 12. a3 {(03:27)} a4 {(03:00)} 13. b4 {(06:
36)} b5 {(00:57)} 14. e3 {(04:29)} Rc8 {(09:04)} 15. Bf1 {
(01:29)} Nb6 {(07:23)} 16. Bd3 {(01:47)} Ne4 {(00:
39)} 17. Rf1 {(07:46)} f5 {(23:46)} 18. Ne5 {(02:10)} Qe8
{(05:29)} 19. Be2 {(02:31)} Bf6 {(01:26)} 20. Nxe4 {
(04:00)} fxe4 {(00:27)} 21. f4 {(01:04)} exf3 {(00:
44)} 22. Nxf3 {(04:45)} Bf5 {(00:55)} 23. Ne5 {(12:49)}
Bg5 {(05:47)} 24. Qd2 {(00:47)} Bh3 {(00:38)} 25. Rfe1 {
(04:56)} Bf6 {(07:42)} 26. Bf1 {(05:00)} Bxf1 {(06:
22)} 27. Rxf1 {(00:10)} Bxe5 {(00:14)} 28. dxe5 {(00:11)}
Nc4 {(00:13)} 29. Qd4 {(01:03)} Qg6 {(02:50)} 30. Rf4 {
(03:52)} Rf5 {(01:44)} 31. Rcf1 {(00:54)} Rxf4 {(
01:40)} 32. exf4 {(01:38)} Qxc2 {(00:25)} 33. Rf2 {(00:36]
} Qb1+ {(00:54)} 34. Kg2 {(00:13)} Rf8 {(01:31)} 35. Qc3 {
(00:53)} Qe4+ {(00:35)} 36. Kg1 {(00:30)} Rd8 {(01:
24)} 37. Qc2 {(01:19)} Qxc2 {(00:50)} 38. Rxc2 {(00:01)}
d4 {(00:25)} 39. Bc1 {(02:47)} d3 {(00:09)} 40. Rd2 {
(00:00)} Nxd2 {(00:00)} 41. Bxd2 {(00:14)} c5 {(04:
16)} 42. bxc5 {(11:38)} b4 {(00:14)} 43. axb4 {(01:51)} a3
{(00:07)} 44. Kf2 {(03:17)} a2 {(00:21)} 45. c6 {(
01:28)} a1=Q {(00:12)} 0-1

[Event "42nd Olympiad Baku 2016 Open"]
[Site "Baku"]
[Date "2016.09.05"]
[Round "4.25"]
[White "Matoewi, Roger"]
[Black "Tajedine, Sidi Mohamed"]
[Result "1-0"]
[ECO "A38"]
[WhiteElo "2042"]
[BlackElo "1796"]
[Annotator ""]
[PlyCount "107"]
[EventDate "2016.??.??"]
[EventCountry "AZE"]
[SourceTitle "playchess.com"]
[Source "ChessBase"]
[WhiteTeam "Surinam"]
[BlackTeam "MTN"]
[WhiteTeamCountry "SUR"]
[TimeControl "40/5400+30:1800+30"]

1. g3 {(00:00)} g6 {(02:28)} 2. Bg2 {(00:00)} Bg7 {
(00:15)} 3. c4 {(00:13)} c5 {(00:25)} 4. Nf3 {(00:
09)} Nf6 {(00:16)} 5. O-O {(00:11)} O-O {(00:27)} 6. Nc3 {
(00:07)} Nc6 {(00:22)} 7. d3 {(04:53)} d6 {(01:14)}
8. Rb1 {(02:11)} a6 {(00:11)} 9. a3 {(01:26)} Rb8 {
(01:43)} 10. b4 {(12:17)} cxb4 {(00:25)} 11. axb4 {
(00:03)} Nd7 {(03:49)} 12. d4 {(04:57)} b6 {(03:17]
} 13. Be3 {(16:24)} a5 {(05:37)} 14. Nd5 {(09:09)} e6 {
(00:37)} 15. b5 {(00:51)} Ne7 {(00:57)} 16. Nxe7+ {
(01:31)} Qxe7 {(00:03)} 17. Qd2 {(00:51)} Bb7 {(05:
03)} 18. Bh6 {(05:59)} Rfc8 {(00:29)} 19. Bxg7 {(00:15)}
Kxg7 {(00:09)} 20. Rfc1 {(00:19)} e5 {(05:06)} 21. e3 {
(09:14)} h6 {(07:30)} 22. Qb2 {(01:50)} Qf6 {(02:
04)} 23. Nd2 {(03:17)} Bxg2 {(02:53)} 24. Kxg2 {(00:01)}
Qe6 {(00:34)} 25. Ra1 {(02:16)} Kh7 {(01:29)} 26. Qb3 {
(06:03)} f5 {(01:35)} 27. Qd3 {(08:32)} e4 {(03:26]
} 28. Qe2 {(01:05)} Rc7 {(02:15)} 29. h3 {(03:51)} Nf6 {
(01:10)} 30. Nb3 {(00:52)} g5 {(01:59)} 31. Kh2 {(
03:04)} f4 {(04:44)} 32. exf4 {(00:43)} gxf4 {(00:28)} 33.
gxf4 {(01:04)} Qf5 {(00:11)} 34. Qe3 {(01:11)} Rg8 {
(00:56)} 35. Nd2 {(01:45)} Rg4 {(02:03)} 36. Rg1 {(
00:32)} Rxf4 {(00:16)} 37. Raf1 {(00:24)} Rg7 {(03:18)}
38. Rxg7+ {(00:12)} Kxg7 {(00:06)} 39. Rg1+ {(00:39)} Kf7
{(00:18)} 40. Rg2 {(00:00)} Nh5 {(00:00)} 41. Kg1 {
(12:25)} Qe6 {(14:54)} 42. c5 {(05:44)} dxc5 {(05:
08)} 43. dxc5 {(00:13)} bxc5 {(00:06)} 44. Qxc5 {(01:02)}
Rf5 {(00:12)} 45. Qc7+ {(00:42)} Qe7 {(00:42)} 46. Qc4+ {
(03:59)} Qe6 {(01:47)} 47. b6 {(00:28)} Qxc4 {(01:
00)} 48. Nxc4 {(00:02)} Ke7 {(00:37)} 49. b7 {(01:08)} Rb5
{(00:30)} 50. Nxa5 {(00:33)} Kd7 {(01:04)} 51. Rg6 {
(01:05)} Kc7 {(15:25)} 52. Rc6+ {(00:33)} Kb8 {(04:
52)} 53. Rc8+ {(00:18)} Ka7 {(00:25)} 54. Ra8+ {(00:05)}
1-0

[Event "42nd Olympiad Baku 2016 Open"]
[Site "Baku"]
[Date "2016.09.05"]
[Round "4.28"]
[White "Maung, Maung Kyaw Zaw Hein"]
[Black "Jose Queralto, Daniel"]
[Result "1-0"]
[ECO "D26"]
[WhiteElo "2031"]
[BlackElo "2107"]
[Annotator ""]
[PlyCount "43"]
[EventDate "2016.??.??"]
[EventCountry "AZE"]
[SourceTitle "playchess.com"]
[Source "ChessBase"]
[WhiteTeam "Myanmar"]
[BlackTeam "Andorra"]
[WhiteTeamCountry "MYA"]
[BlackTeamCountry "AND"]
[TimeControl "40/5400+30:1800+30"]

1. Nf3 {(00:00)} d5 {(00:00)} 2. d4 {(00:00)} Nf6 {
(00:00)} 3. c4 {(00:00)} dxc4 {(00:00)} 4. e3 {(00:
50)} e6 {(00:00)} 5. Bxc4 {(00:07)} c5 {(00:00)} 6. Nc3 {
(00:43)} Nc6 {(00:06)} 7. O-O {(00:40)} cxd4 {(00:
06)} 8. exd4 {(00:10)} Be7 {(00:05)} 9. Re1 {(05:59)} O-O
{(00:07)} 10. a3 {(00:36)} a6 {(02:00)} 11. Be3 {(
08:09)} b5 {(02:28)} 12. Bd3 {(01:01)} Bb7 {(01:28)} 13.
Qe2 {(09:35)} Rc8 {(08:28)} 14. Rad1 {(01:46)} Na5 {
(12:20)} 15. Ne5 {(10:06)} Bxa3 {(03:52)} 16. g4 {(
01:16)} Bb4 {(14:05)} 17. g5 {(02:20)} Bxc3 {(01:23)} 18.
gxf6 {(01:39)} Qd5 {(01:29)} 19. f3 {(05:20)} gxf6 {
(07:14)} 20. Be4 {(08:53)} Qd8 {(14:10)} 21. Qg2+ {
(00:43)} Kh8 {(00:05)} 22. Bh6 {(00:10)} 1-0

[Event "42nd Olympiad Baku 2016 Open"]
[Site "Baku"]
[Date "2016.09.05"]
[Round "4.34"]
[White "Maze, Sebastien"]
[Black "Mastrovasilis, Dimitrios"]
[Result "1/2-1/2"]
[ECO "C48"]
[WhiteElo "2617"]
[BlackElo "2601"]
[Annotator ""]
[PlyCount "85"]
[EventDate "2016.??.??"]
[EventCountry "AZE"]
[SourceTitle "playchess.com"]
[Source "ChessBase"]
[WhiteTeam "France"]
[BlackTeam "Greece"]
[WhiteTeamCountry "FRA"]
[BlackTeamCountry "GRE"]
[TimeControl "40/5400+30:1800+30"]

1. e4 {(00:00)} e5 {(00:00)} 2. Nf3 {(00:00)} Nf6 {
(00:00)} 3. Nc3 {(00:20)} Nc6 {(00:04)} 4. Bb5 {(
00:20)} Nd4 {(00:19)} 5. Bc4 {(00:05)} d6 {(00:36)} 6.
Nxd4 {(02:52)} exd4 {(00:16)} 7. Nd5 {(00:08)} Nd7 {
(01:52)} 8. O-O {(04:38)} g6 {(00:19)} 9. d3 {(08:
58)} Bg7 {(13:47)} 10. a3 {(02:48)} O-O {(00:12)} 11. Nf4
{(03:26)} Nc5 {(02:53)} 12. Qf3 {(02:22)} Qh4 {(10:
09)} 13. Bd2 {(08:52)} Bd7 {(10:05)} 14. g3 {(03:13)} Qf6
{(15:49)} 15. Qg2 {(01:17)} Rae8 {(05:47)} 16. h4 {
(03:36)} Qd8 {(06:23)} 17. Qh1 {(07:39)} c6 {(12:
33)} 18. h5 {(01:54)} g5 {(01:41)} 19. Ng6 {(07:27)} d5 {
(08:01)} 20. Nxf8 {(00:25)} Bxf8 {(00:21)} 21. exd5 {
(00:23)} Re2 {(00:32)} 22. Bb4 {(06:15)} Qf6 {(00:
34)} 23. Bxc5 {(01:15)} Bxc5 {(00:04)} 24. dxc6 {(06:24)}
bxc6 {(00:13)} 25. Bb3 {(08:13)} Bg4 {(01:44)} 26. Rae1 {
(02:29)} Bf3 {(00:12)} 27. Qh3 {(02:52)} g4 {(00:
14)} 28. Qh2 {(00:29)} Qe5 {(01:27)} 29. Rxe2 {(00:15)}
Qxe2 {(00:07)} 30. h6 {(00:45)} Qe5 {(00:31)} 31. c3 {
(06:23)} dxc3 {(04:09)} 32. bxc3 {(00:11)} Qxc3 {(
01:11)} 33. Qh5 {(01:58)} Bxf2+ {(00:21)} 34. Kh2 {(00:04]
} Bg1+ {(00:49)} 35. Kxg1 {(00:07)} Qd4+ {(00:12)} 36. Rf2
{(00:12)} Qa1+ {(00:22)} 37. Bd1 {(02:09)} Qxd1+ {(
01:15)} 38. Rf1 {(00:04)} Qd2 {(00:12)} 39. Qh2 {(00:12)}
Qe3+ {(00:32)} 40. Qf2 {(00:00)} Qxh6 {(00:00)} 41. Qh2 {
(02:12)} Qe3+ {(14:31)} 42. Qf2 {(00:03)} Qh6 {(00:
57)} 43. Qh2 {(00:01)} 1/2-1/2

[Event "42nd Olympiad Baku 2016 Open"]
[Site "Baku"]
[Date "2016.09.05"]
[Round "4.32"]
[White "Mcfarland, Malcolm"]
[Black "Martis, Valentino"]
[Result "0-1"]
[ECO "A80"]
[WhiteElo "1764"]
[BlackElo "1917"]
[Annotator ""]
[PlyCount "78"]
[EventDate "2016.??.??"]
[EventCountry "AZE"]
[SourceTitle "playchess.com"]
[Source "ChessBase"]
[WhiteTeam "GUM"]
[BlackTeam "Netherlands Antilles"]
[BlackTeamCountry "AHO"]
[TimeControl "40/5400+30:1800+30"]

1. d4 {(00:00)} f5 {(00:00)} 2. Nf3 {(00:00)} e6 {(
00:08)} 3. Bf4 {(00:42)} d5 {(00:30)} 4. e3 {(01:39)} Bd6
{(01:22)} 5. Ne5 {(02:23)} Nf6 {(01:13)} 6. Nd2 {(
00:45)} O-O {(05:29)} 7. Be2 {(03:23)} Nbd7 {(02:46)} 8.
O-O {(01:58)} Ne4 {(04:56)} 9. Nxe4 fxe4 {(00:31)} 10. Bg4
{(05:08)} Nf6 {(07:09)} 11. Bg5 {(02:32)} Qe8 {(03:
51)} 12. Be2 {(02:26)} c5 {(03:58)} 13. c3 {(03:43)} Bd7 {
(02:28)} 14. Bf4 {(05:56)} Qe7 {(02:29)} 15. Rb1 {(
06:16)} a5 {(03:44)} 16. Bg5 {(01:20)} b5 {(03:51)} 17.
Ng4 {(03:34)} Kh8 {(03:07)} 18. Nxf6 {(00:59)} gxf6 {
(00:08)} 19. Bh4 {(10:03)} Qg7 {(05:40)} 20. Bg3 {(
03:53)} Rg8 {(03:31)} 21. Kh1 {(03:28)} c4 {(04:12)} 22.
Rg1 {(00:24)} Bxg3 {(00:23)} 23. fxg3 {(00:42)} Qh6 {
(00:43)} 24. g4 {(00:59)} Qxe3 {(01:37)} 25. Qe1 {(
04:37)} Rg6 {(02:11)} 26. Bd1 {(00:56)} Qxe1 {(04:02)} 27.
Rxe1 {(00:09)} Rag8 {(01:27)} 28. g3 {(00:14)} e5 {
(02:30)} 29. dxe5 {(00:40)} fxe5 {(00:02)} 30. Rf1 {
(00:43)} Bxg4 {(00:54)} 31. Bxg4 {(00:02)} Rxg4 {(
00:12)} 32. Rbd1 {(00:14)} d4 {(02:28)} 33. cxd4 {(01:11)}
e3 {(00:05)} 34. Rf5 {(04:33)} exd4 {(03:20)} 35. Rxb5 {
(01:08)} e2 {(00:55)} 36. Re1 {(00:33)} d3 {(00:55]
} 37. Rd5 {(00:02)} Rf8 {(04:23)} 38. Kg2 {(00:21)} Rgg8 {
(07:54)} 39. b3 {(00:09)} Rd8 {(00:24)} 0-1

[Event "42nd Olympiad Baku 2016 Open"]
[Site "Baku"]
[Date "2016.09.05"]
[Round "4.23"]
[White "McShane, Luke J"]
[Black "Van Wely, Loek"]
[Result "0-1"]
[ECO "B90"]
[WhiteElo "2671"]
[BlackElo "2674"]
[Annotator ""]
[PlyCount "146"]
[EventDate "2016.??.??"]
[EventCountry "AZE"]
[SourceTitle "playchess.com"]
[Source "ChessBase"]
[WhiteTeam "England"]
[BlackTeam "Netherlands"]
[WhiteTeamCountry "ENG"]
[BlackTeamCountry "NED"]
[TimeControl "40/5400+30:1800+30"]

1. e4 {(00:00)} c5 {(00:00)} 2. Nf3 {(00:00)} d6 {(
00:01)} 3. d4 {(00:00)} cxd4 {(00:10)} 4. Nxd4 {(00:00)}
Nf6 {(00:11)} 5. Nc3 {(00:00)} a6 {(00:28)} 6. Be3 {
(00:02)} e5 {(02:16)} 7. Nf3 {(00:07)} Be7 {(00:27]
} 8. Bc4 {(00:14)} O-O {(03:40)} 9. Bb3 {(03:12)} Nc6 {
(04:18)} 10. Qd3 {(00:39)} h6 {(15:20)} 11. O-O {(
14:11)} Na5 {(02:37)} 12. Nd2 {(13:43)} Rb8 {(17:28)} 13.
Ba7 {(13:12)} Ra8 {(00:18)} 14. Be3 {(00:06)} Rb8 {
(00:43)} 15. Nd5 {(01:05)} Nxb3 {(06:20)} 16. Bb6 {
(03:13)} Qe8 {(17:21)} 17. Nxf6+ {(08:23)} Bxf6 {(
00:08)} 18. cxb3 {(00:10)} Qc6 {(02:48)} 19. Ba7 {(06:04)}
Ra8 {(00:26)} 20. Be3 {(01:12)} b5 {(03:34)} 21. Rac1 {
(01:47)} Qd7 {(00:15)} 22. Nb1 {(06:26)} Bb7 {(01:
38)} 23. Nc3 {(00:46)} Rac8 {(02:37)} 24. Rfd1 {(06:36)}
Be7 {(01:17)} 25. Nd5 {(01:09)} Rxc1 {(03:32)} 26. Rxc1 {
(01:29)} Bd8 {(06:30)} 27. Rd1 {(06:39)} f5 {(00:
47)} 28. f3 {(02:26)} fxe4 {(00:16)} 29. Qxe4 {(02:09)}
Qf7 {(00:58)} 30. h3 {(01:10)} Kh8 {(04:27)} 31. a4 {
(02:31)} Bc6 {(00:36)} 32. axb5 {(01:38)} axb5 {(
00:03)} 33. Qd3 {(00:42)} Bh4 {(01:01)} 34. Qe4 {(04:43)}
Be7 {(02:40)} 35. Qd3 {(00:56)} Qxd5 {(00:46)} 36. Qxd5 {
(00:04)} Bxd5 {(00:03)} 37. Rxd5 {(00:03)} Rb8 {(
00:06)} 38. Kf2 {(00:56)} Kg8 {(00:16)} 39. Ke2 {(01:10)}
Kf7 {(00:22)} 40. Kd3 {(00:00)} Ke6 {(00:00)} 41. Ke4 {
(00:35)} Bg5 {(07:45)} 42. Bxg5 {(09:38)} hxg5 {(
00:41)} 43. Rd1 {(00:06)} Rf8 {(10:12)} 44. Rc1 {(06:29)}
Rf4+ {(00:40)} 45. Ke3 {(00:06)} Rb4 {(03:20)} 46. Rc3 {
(00:23)} g6 {(05:48)} 47. Ke2 {(03:03)} e4 {(01:00]
} 48. fxe4 {(02:03)} Rxe4+ {(00:36)} 49. Kd2 {(00:13)} g4
{(01:06)} 50. h4 {(04:44)} Ke5 {(02:44)} 51. g3 {(
01:03)} Rd4+ {(00:16)} 52. Ke2 {(00:30)} Rb4 {(01:33)} 53.
Kd2 {(00:29)} Kd5 {(00:30)} 54. Ke2 {(00:31)} Re4+ {
(00:42)} 55. Kd2 {(00:07)} Re6 {(00:38)} 56. Rc7 {(
05:54)} Rf6 {(00:56)} 57. Kc3 {(02:20)} Ke4 {(01:02)} 58.
Kb4 {(00:04)} Rf3 {(01:24)} 59. Rg7 {(01:14)} Kf5 {
(00:53)} 60. Rf7+ {(00:08)} Ke6 {(00:17)} 61. Rg7 {
(00:05)} Kf6 {(00:12)} 62. Rd7 {(00:03)} Ke6 {(00:
41)} 63. Rg7 {(00:04)} Kf6 {(00:53)} 64. Rd7 {(00:01)}
Rxg3 {(00:38)} 65. Rxd6+ {(00:04)} Kf5 {(00:33)} 66. Rd5+
{(00:12)} Kf4 {(00:06)} 67. Rxb5 {(02:52)} Re3 {(
00:35)} 68. Rg5 {(00:31)} Re6 {(00:46)} 69. Kc4 {(00:12)}
g3 {(00:20)} 70. b4 {(01:36)} Kf3 {(00:28)} 71. b5 {
(00:31)} g2 {(00:18)} 72. b4 {(00:42)} Re4+ {(00:
19)} 73. Kd5 {(00:27)} Rg4 {(00:07)} 0-1